Connexion

Wolves vs IceHogs

Created - 12 novembre 2023 at 08:23

Goals
1 2 3 T
Wolves 0 0 1 1
IceHogs 2 2 2 6
Shots
1 2 3 T
Wolves 4 6 12 22
IceHogs 16 8 23 47

GoalsPenalties
1st period
1. IceHogs , Dennis Cholowski 3 (Jean-Sébastien Dea 33, Andrew Sturtz 6) at 10:07
2. IceHogs , Colby Williams 1 (Danny O'Regan 20) at 16:21
Gregory Hofmann (CHI) for Holding (Minor) at 5:25
Jack Rodewald (CHI) for Holding (Minor) at 10:31
Erik Cernak (RCK) for Hooking (Minor) at 17:41
2nd period
3. IceHogs , Cameron Gaunce 5 (Danny O'Regan 21, Riley Sheahan 24) at 5:21 (PP)
4. IceHogs , Colby Williams 2 (Cameron Gaunce 32) at 5:51 (PP)
Jamie Devane (CHI) for Hooking (Minor) at 3:51
Ryan Stanton (CHI) for Holding (Minor) at 5:13
Brandon Hickey (RCK) for Hooking (Minor) at 6:11
3rd period
5. IceHogs , Danny O'Regan 21 (Brandon Hickey 22, Christopher Gibson) at 1:09
6. IceHogs , Charles Hudon 20 (Jean-Sébastien Dea 34, William Carrier 9) at 2:48
7. Wolves , Mark Jankowski 3 (Tommy Cross 16, Jamie Devane 12) at 15:11
Artur Gavrus (CHI) for Tripping (Minor) at 7:02
Erik Cernak (RCK) for Roughing (Minor) at 10:32
Adam Helewka (CHI) for Hooking (Minor) at 17:26
Jens Looke (CHI) for Elbowing (Minor) at 19:35
Goalie Stats
Felix Sandström (CHI), 41 saves from 47 shots - (0,872), L, 16-10-3, 60:00 minutes
Christopher Gibson (RCK), 21 saves from 22 shots - (0,955), W, 19-8-1, 60:00 minutes
3 StarsOfficial
1 - Colby Williams (RCK)
2 - Danny O'Regan (RCK)
3 - Cameron Gaunce (RCK)
Referees : Wes McCauley and Don VanMassenhoven
Linesman : Tim Nowak and Tony Sericolo
Game Note
Cameron Gaunce is injured at 2:13 of 3rd period (Left Leg)
Finance
Level 1 -- Attendance: 1897 (94,85%) -- Ticket Income 66 395 $
Level 2 -- Attendance: 1000 (100,00%) -- Ticket Income 15 000 $
Total Attendance: 2897 (96,57%)
Total Ticket Income: 81 395 $
Other Income: 16 279 $
Total Income: 97 674 $



Team Name Goals Shots Shots Attemp Shots Blocked PIM HIT PP PK FO%
Wolves 122401314200 / 3 (0%)248%
IceHogs 6478846172 / 7 (29%)052%

Wolves
Player Name POS G A P +/- PIM HIT SHT SB MP PP MP PP SHT PK MP PK SHT FO% FOT
Adam HelewkaLW0000201011:100:0000:0000% 1
Artur GavrusC/LW0000212011:100:0000:00078% 9
Brett SeneyLW000-2025022:362:2916:32054% 13
David CottonC000-101005:590:0000:00033% 6
Garrett MitchellRW0000011020:033:2803:3700% 1
Gregory HofmannC/LW000-2202220:572:2914:54041% 29
Jack RodewaldRW000-2212019:052:2903:02040% 5
Jamie DevaneLW0110221016:253:2810:0000% 0
Jens LookeLW/RW000-121006:500:0000:5200% 0
Jeremiah AddisonLW/RW000-102105:590:0000:0000% 1
Louie BelpedioD0001001214:220:0000:2900% 0
Mark JankowskiC1010004016:263:2800:00059% 22
Matt TennysonD000-2021322:303:4505:4700% 0
Mitchell Vande SompelD000-2010223:182:1204:1400% 0
Radim SimekD000-2000023:372:1204:3300% 0
Ryan StantonD000-2230322:193:4505:3600% 0
Scott KosmachukRW0000001012:460:0001:35025% 4
Tommy CrossD0111030113:530:0000:0000% 0
IceHogs
Player Name POS G A P +/- PIM HIT SHT SB MP PP MP PP SHT PK MP PK SHT FO% FOT
Andrew SturtzRW0111001010:510:0000:000100% 1
Brady VailC000000001:280:0001:28033% 3
Brandon GignacC000000000:210:0000:0000% 0
Brandon HickeyD0112204020:164:0322:0200% 0
Brendan GaunceC/LW0002028022:085:5340:000100% 2
Cameron Gaunce D1121024117:453:5731:5100% 0
Charles HudonLW/RW1010016017:284:2732:320100% 1
Colby WilliamsD2021036026:016:5032:5200% 0
Colton SceviourC/LW/RW0001020010:510:0000:00050% 12
Danny O'ReganC/RW1232014022:085:5300:000100% 1
Dennis CholowskiD1012003220:233:1703:0500% 0
Erik CernakD0000430019:432:3300:1600% 0
Frederic AllardD0000001115:390:0001:3800% 0
Jean-Sébastien DeaC/RW0221004026:004:0212:47057% 30
Mikhail VorobyovC000100105:320:2510:27050% 6
Riley SheahanC0111002027:395:5301:54046% 28
William CarrierLW/RW0110022023:394:2712:5600% 1
Zack O'BrienC/RW000001106:080:0000:00033% 6



Play-by-Play

1st period


0:01 of 1st period - Gregory Hofmann wins face-off versus Jean-Sébastien Dea in neutral zone.
0:05 of 1st period - Brett Seney is hit by Cameron Gaunce and loses puck.
0:08 of 1st period - Shot by Gregory Hofmann.
0:08 of 1st period - Deflect By Jack Rodewald.
0:08 of 1st period - Shot Misses the Net.
0:10 of 1st period - Shot by Brett Seney.
0:10 of 1st period - Stopped by Christopher Gibson without a rebound.
0:11 of 1st period - Riley Sheahan wins face-off versus Garrett Mitchell in IceHogs zone.
0:19 of 1st period - Brandon Hickey is hit by Ryan Stanton and loses puck.
0:46 of 1st period - Shot by Dennis Cholowski.
0:46 of 1st period - Stopped by Felix Sandström without a rebound.
0:47 of 1st period - Colton Sceviour wins face-off versus Adam Helewka in Wolves zone.
0:58 of 1st period - Shot by Jean-Sébastien Dea.
0:58 of 1st period - Deflect By Colton Sceviour.
0:58 of 1st period - Shot Misses the Net.
2:00 of 1st period - Shot by Brett Seney.
2:00 of 1st period - Stopped by Christopher Gibson without a rebound.
2:01 of 1st period - David Cotton wins face-off versus Riley Sheahan in IceHogs zone.
2:16 of 1st period - Shot by David Cotton.
2:16 of 1st period - Deflect By Jens Looke.
2:16 of 1st period - Shot Misses the Net.
2:34 of 1st period - Shot by Danny O'Regan.
2:34 of 1st period - Deflect By Brendan Gaunce.
2:34 of 1st period - Stopped by Felix Sandström without a rebound.
2:35 of 1st period - Jean-Sébastien Dea wins face-off versus Gregory Hofmann in Wolves zone.
2:49 of 1st period - Icing by Jack Rodewald.
2:50 of 1st period - Colton Sceviour wins face-off versus Gregory Hofmann in Wolves zone.
3:09 of 1st period - Shot by Andrew Sturtz.
3:09 of 1st period - Shot Misses the Net.
3:11 of 1st period - Shot by Jean-Sébastien Dea.
3:11 of 1st period - Shot Blocked by Gregory Hofmann.
3:13 of 1st period - Shot by Jean-Sébastien Dea.
3:13 of 1st period - Stopped by Felix Sandström with a rebound.
3:15 of 1st period - Shot by Colton Sceviour.
3:15 of 1st period - Shot Hit the Post.
3:17 of 1st period - Shot by Jean-Sébastien Dea.
3:17 of 1st period - Stopped by Felix Sandström without a rebound.
3:18 of 1st period - Mark Jankowski wins face-off versus Zack O'Brien in Wolves zone.
3:33 of 1st period - Shot by William Carrier.
3:33 of 1st period - Shot Blocked by Ryan Stanton.
3:35 of 1st period - Shot by Zack O'Brien.
3:35 of 1st period - Shot Blocked by Ryan Stanton.
4:22 of 1st period - Icing by Louie Belpedio.
4:23 of 1st period - Artur Gavrus wins face-off versus Riley Sheahan in Wolves zone.
5:21 of 1st period - Gregory Hofmann is hit by Colby Williams and loses puck.
5:25 of 1st period - Minor Penalty to Gregory Hofmann for Holding.
5:26 of 1st period - Brett Seney wins face-off versus Jean-Sébastien Dea in Wolves zone.
5:35 of 1st period - Shot by Charles Hudon.
5:35 of 1st period - Stopped by Felix Sandström without a rebound.
5:36 of 1st period - Brett Seney wins face-off versus Jean-Sébastien Dea in Wolves zone.
6:00 of 1st period - Radim Simek is hit by Charles Hudon and loses puck.
6:25 of 1st period - Shot by Cameron Gaunce .
6:25 of 1st period - Shot Blocked by Matt Tennyson.
6:27 of 1st period - Shot by Colby Williams.
6:27 of 1st period - Stopped by Felix Sandström without a rebound.
6:28 of 1st period - Brendan Gaunce wins face-off versus Jack Rodewald in Wolves zone.
6:43 of 1st period - Shot by Brendan Gaunce.
6:43 of 1st period - Stopped by Felix Sandström without a rebound.
6:44 of 1st period - Brett Seney wins face-off versus Jean-Sébastien Dea in Wolves zone.
6:44 of 1st period - Brett Seney is hit by William Carrier.
7:15 of 1st period - William Carrier is hit by Jens Looke.
7:20 of 1st period - Off-side.
7:21 of 1st period - Brett Seney wins face-off versus Riley Sheahan in neutral zone.
7:44 of 1st period - Shot by Brendan Gaunce.
7:44 of 1st period - Shot Misses the Net.
7:46 of 1st period - Shot by Riley Sheahan.
7:46 of 1st period - Stopped by Felix Sandström without a rebound.
7:47 of 1st period - Colton Sceviour wins face-off versus David Cotton in Wolves zone.
9:07 of 1st period - Icing by David Cotton.
9:08 of 1st period - Mikhail Vorobyov wins face-off versus David Cotton in Wolves zone.
9:35 of 1st period - Icing by Jens Looke.
9:36 of 1st period - Colton Sceviour wins face-off versus Jeremiah Addison in Wolves zone.
10:05 of 1st period - Shot by Jean-Sébastien Dea.
10:05 of 1st period - Stopped by Felix Sandström with a rebound.
10:07 of 1st period - Shot by Dennis Cholowski.
10:07 of 1st period - Goal by Dennis Cholowski - Wolves : 0 - IceHogs : 1.
10:08 of 1st period - Gregory Hofmann wins face-off versus Riley Sheahan in neutral zone.
10:17 of 1st period - Shot by Gregory Hofmann.
10:17 of 1st period - Shot Blocked by Cameron Gaunce .
10:19 of 1st period - Shot by Brett Seney.
10:19 of 1st period - Stopped by Christopher Gibson without a rebound.
10:20 of 1st period - Mark Jankowski wins face-off versus Zack O'Brien in IceHogs zone.
10:26 of 1st period - Icing by Cameron Gaunce .
10:27 of 1st period - Gregory Hofmann wins face-off versus Zack O'Brien in IceHogs zone.
10:31 of 1st period - Minor Penalty to Jack Rodewald for Holding.
10:32 of 1st period - Brett Seney wins face-off versus Riley Sheahan in Wolves zone.
10:55 of 1st period - Shot by Danny O'Regan.
10:55 of 1st period - Shot Hit the Post.
11:03 of 1st period - Shot by Brendan Gaunce.
11:03 of 1st period - Stopped by Felix Sandström without a rebound.
11:04 of 1st period - Jean-Sébastien Dea wins face-off versus Scott Kosmachuk in Wolves zone.
11:11 of 1st period - Shot by William Carrier.
11:11 of 1st period - Stopped by Felix Sandström without a rebound.
11:12 of 1st period - Jean-Sébastien Dea wins face-off versus Gregory Hofmann in Wolves zone.
11:31 of 1st period - Shot by Charles Hudon.
11:31 of 1st period - Stopped by Felix Sandström without a rebound.
11:32 of 1st period - Scott Kosmachuk wins face-off versus Riley Sheahan in Wolves zone.
11:43 of 1st period - Radim Simek is hit by Brendan Gaunce and loses puck.
12:08 of 1st period - Icing by Riley Sheahan.
12:09 of 1st period - Riley Sheahan wins face-off versus Gregory Hofmann in IceHogs zone.
12:09 of 1st period - Riley Sheahan is hit by Brett Seney.
13:02 of 1st period - Icing by Tommy Cross.
13:03 of 1st period - Andrew Sturtz wins face-off versus Artur Gavrus in Wolves zone.
13:32 of 1st period - Shot by Jean-Sébastien Dea.
13:32 of 1st period - Shot Misses the Net.
14:44 of 1st period - Brett Seney is hit by Colby Williams and loses puck.
15:43 of 1st period - Shot by William Carrier.
15:43 of 1st period - Stopped by Felix Sandström without a rebound.
15:44 of 1st period - Zack O'Brien wins face-off versus Scott Kosmachuk in Wolves zone.
15:55 of 1st period - Shot by Dennis Cholowski.
15:55 of 1st period - Shot Hit the Post.
16:11 of 1st period - Shot by Brandon Hickey.
16:11 of 1st period - Shot Misses the Net.
16:13 of 1st period - Shot by Brandon Hickey.
16:13 of 1st period - Stopped by Felix Sandström without a rebound.
16:14 of 1st period - Mikhail Vorobyov wins face-off versus Gregory Hofmann in Wolves zone.
16:21 of 1st period - Shot by Colby Williams.
16:21 of 1st period - Goal by Colby Williams - Wolves : 0 - IceHogs : 2.
16:22 of 1st period - Gregory Hofmann wins face-off versus Riley Sheahan in neutral zone.
16:28 of 1st period - Gregory Hofmann is hit by Cameron Gaunce and loses puck.
17:35 of 1st period - Mark Jankowski is hit by Erik Cernak and loses puck.
17:41 of 1st period - Minor Penalty to Erik Cernak for Hooking.
17:42 of 1st period - Gregory Hofmann wins face-off versus Brady Vail in IceHogs zone.
17:52 of 1st period - Icing by Brett Seney.
17:53 of 1st period - Gregory Hofmann wins face-off versus Brady Vail in Wolves zone.
17:55 of 1st period - Icing by Brett Seney.
17:56 of 1st period - Brady Vail wins face-off versus Gregory Hofmann in Wolves zone.
18:07 of 1st period - Shot by Gregory Hofmann.
18:07 of 1st period - Stopped by Christopher Gibson without a rebound.
18:08 of 1st period - Mark Jankowski wins face-off versus Jean-Sébastien Dea in IceHogs zone.
18:11 of 1st period - Shot by Garrett Mitchell.
18:11 of 1st period - Shot Blocked by Dennis Cholowski.
18:23 of 1st period - Shot by Jamie Devane.
18:23 of 1st period - Shot Misses the Net.
19:13 of 1st period - Charles Hudon is hit by Jamie Devane and loses puck.
Goals for this period are 0 for Wolves vs 2 for IceHogs.
Shots for this period are 4 for Wolves vs 16 for IceHogs.

2nd period


0:01 of 2nd period - Gregory Hofmann wins face-off versus Jean-Sébastien Dea in neutral zone.
1:19 of 2nd period - Shot by Danny O'Regan.
1:19 of 2nd period - Stopped by Felix Sandström without a rebound.
1:20 of 2nd period - Artur Gavrus wins face-off versus Colton Sceviour in Wolves zone.
1:43 of 2nd period - Shot by Artur Gavrus.
1:43 of 2nd period - Stopped by Christopher Gibson without a rebound.
1:44 of 2nd period - David Cotton wins face-off versus William Carrier in IceHogs zone.
1:45 of 2nd period - Shot by Jens Looke.
1:45 of 2nd period - Shot Misses the Net.
1:51 of 2nd period - Jens Looke is hit by Zack O'Brien and loses puck.
2:08 of 2nd period - Cameron Gaunce is hit by Jeremiah Addison and loses puck.
2:20 of 2nd period - William Carrier is hit by Ryan Stanton and loses puck.
3:51 of 2nd period - Minor Penalty to Jamie Devane for Hooking.
3:52 of 2nd period - Jean-Sébastien Dea wins face-off versus Brett Seney in Wolves zone.
3:57 of 2nd period - Shot by Jean-Sébastien Dea.
3:57 of 2nd period - Shot Misses the Net.
3:59 of 2nd period - Shot by Charles Hudon.
3:59 of 2nd period - Shot Blocked by Matt Tennyson.
4:01 of 2nd period - Shot by Cameron Gaunce .
4:01 of 2nd period - Shot Misses the Net.
4:03 of 2nd period - Shot by Cameron Gaunce .
4:03 of 2nd period - Stopped by Felix Sandström with a rebound.
4:05 of 2nd period - Shot by Cameron Gaunce .
4:05 of 2nd period - Stopped by Felix Sandström without a rebound.
4:06 of 2nd period - Mikhail Vorobyov wins face-off versus Brett Seney in Wolves zone.
4:17 of 2nd period - Shot by Mikhail Vorobyov.
4:17 of 2nd period - Stopped by Felix Sandström without a rebound.
4:18 of 2nd period - Riley Sheahan wins face-off versus Jack Rodewald in Wolves zone.
4:38 of 2nd period - Off-side.
4:39 of 2nd period - Brett Seney wins face-off versus Jean-Sébastien Dea in neutral zone.
5:12 of 2nd period - Shot by Charles Hudon.
5:12 of 2nd period - Shot Blocked by Ryan Stanton.
5:13 of 2nd period - Minor Penalty to Ryan Stanton for Holding.
5:14 of 2nd period - Riley Sheahan wins face-off versus Brett Seney in Wolves zone.
5:19 of 2nd period - Shot by Danny O'Regan.
5:19 of 2nd period - Shot Misses the Net.
5:21 of 2nd period - Shot by Cameron Gaunce .
5:21 of 2nd period - Goal by Cameron Gaunce - Wolves : 0 - IceHogs : 3.
5:22 of 2nd period - Riley Sheahan wins face-off versus Brett Seney in neutral zone.
5:51 of 2nd period - Shot by Colby Williams.
5:51 of 2nd period - Goal by Colby Williams - Wolves : 0 - IceHogs : 4.
5:52 of 2nd period - Jean-Sébastien Dea wins face-off versus Mark Jankowski in neutral zone.
5:55 of 2nd period - Shot by Dennis Cholowski.
5:55 of 2nd period - Stopped by Felix Sandström without a rebound.
5:56 of 2nd period - Jean-Sébastien Dea wins face-off versus Mark Jankowski in Wolves zone.
5:56 of 2nd period - Charles Hudon is hit by Mitchell Vande Sompel and loses puck.
6:07 of 2nd period - Brandon Hickey is hit by Garrett Mitchell and loses puck.
6:11 of 2nd period - Minor Penalty to Brandon Hickey for Hooking.
6:12 of 2nd period - Jean-Sébastien Dea wins face-off versus Gregory Hofmann in IceHogs zone.
6:35 of 2nd period - Shot by Brett Seney.
6:35 of 2nd period - Stopped by Christopher Gibson without a rebound.
6:36 of 2nd period - Mark Jankowski wins face-off versus Jean-Sébastien Dea in IceHogs zone.
6:39 of 2nd period - Shot by Jamie Devane.
6:39 of 2nd period - Stopped by Christopher Gibson without a rebound.
6:40 of 2nd period - Jean-Sébastien Dea wins face-off versus Mark Jankowski in IceHogs zone.
8:41 of 2nd period - Cameron Gaunce is hit by Tommy Cross and loses puck.
9:14 of 2nd period - David Cotton is hit by Colton Sceviour and loses puck.
10:25 of 2nd period - Icing by Brandon Hickey.
10:26 of 2nd period - Gregory Hofmann wins face-off versus Mikhail Vorobyov in IceHogs zone.
11:16 of 2nd period - Scott Kosmachuk is hit by Brendan Gaunce and loses puck.
11:31 of 2nd period - Shot by Scott Kosmachuk.
11:31 of 2nd period - Stopped by Christopher Gibson without a rebound.
11:32 of 2nd period - Mark Jankowski wins face-off versus Colton Sceviour in IceHogs zone.
11:47 of 2nd period - Shot by Jamie Devane.
11:47 of 2nd period - Shot Misses the Net.
11:49 of 2nd period - Shot by Jamie Devane.
11:49 of 2nd period - Shot Misses the Net.
12:49 of 2nd period - Shot by Zack O'Brien.
12:49 of 2nd period - Stopped by Felix Sandström without a rebound.
12:50 of 2nd period - Brendan Gaunce wins face-off versus Gregory Hofmann in Wolves zone.
13:36 of 2nd period - Icing by Cameron Gaunce .
13:37 of 2nd period - Mark Jankowski wins face-off versus Mikhail Vorobyov in IceHogs zone.
14:18 of 2nd period - Icing by Jean-Sébastien Dea.
14:19 of 2nd period - Artur Gavrus wins face-off versus Jean-Sébastien Dea in IceHogs zone.
14:28 of 2nd period - Mitchell Vande Sompel is hit by William Carrier and loses puck.
14:41 of 2nd period - Shot by William Carrier.
14:41 of 2nd period - Shot Misses the Net.
15:06 of 2nd period - Icing by Brandon Gignac.
15:07 of 2nd period - Gregory Hofmann wins face-off versus Zack O'Brien in IceHogs zone.
15:12 of 2nd period - Shot by Brett Seney.
15:12 of 2nd period - Deflect By Jack Rodewald.
15:12 of 2nd period - Stopped by Christopher Gibson without a rebound.
15:13 of 2nd period - Riley Sheahan wins face-off versus Gregory Hofmann in IceHogs zone.
15:33 of 2nd period - Shot by Jack Rodewald.
15:33 of 2nd period - Shot Misses the Net.
15:35 of 2nd period - Shot by Matt Tennyson.
15:35 of 2nd period - Shot Misses the Net.
15:37 of 2nd period - Shot by Matt Tennyson.
15:37 of 2nd period - Shot Misses the Net.
16:06 of 2nd period - Icing by Erik Cernak.
16:07 of 2nd period - Mark Jankowski wins face-off versus Riley Sheahan in IceHogs zone.
16:31 of 2nd period - Jamie Devane is hit by Erik Cernak and loses puck.
16:49 of 2nd period - Mark Jankowski is hit by Colby Williams and loses puck.
18:53 of 2nd period - Icing by Cameron Gaunce .
18:54 of 2nd period - Mark Jankowski wins face-off versus Riley Sheahan in IceHogs zone.
19:01 of 2nd period - Shot by Louie Belpedio.
19:01 of 2nd period - Stopped by Christopher Gibson without a rebound.
19:02 of 2nd period - Mark Jankowski wins face-off versus Jean-Sébastien Dea in IceHogs zone.
Goals for this period are 0 for Wolves vs 2 for IceHogs.
Shots for this period are 6 for Wolves vs 8 for IceHogs.

3rd period


0:01 of 3rd period - Jean-Sébastien Dea wins face-off versus Gregory Hofmann in neutral zone.
0:12 of 3rd period - Shot by Cameron Gaunce .
0:12 of 3rd period - Shot Blocked by Gregory Hofmann.
0:14 of 3rd period - Shot by Cameron Gaunce .
0:14 of 3rd period - Stopped by Felix Sandström with a rebound.
1:09 of 3rd period - Shot by Danny O'Regan.
1:09 of 3rd period - Goal by Danny O'Regan - Wolves : 0 - IceHogs : 5.
1:10 of 3rd period - Artur Gavrus wins face-off versus Colton Sceviour in neutral zone.
1:29 of 3rd period - Shot by Andrew Sturtz.
1:29 of 3rd period - Stopped by Felix Sandström without a rebound.
1:30 of 3rd period - Riley Sheahan wins face-off versus Mark Jankowski in Wolves zone.
1:30 of 3rd period - Riley Sheahan is hit by Matt Tennyson.
1:36 of 3rd period - Shot by Danny O'Regan.
1:36 of 3rd period - Stopped by Felix Sandström without a rebound.
1:37 of 3rd period - Mark Jankowski wins face-off versus Riley Sheahan in Wolves zone.
1:42 of 3rd period - Shot by Garrett Mitchell.
1:42 of 3rd period - Stopped by Christopher Gibson without a rebound.
1:43 of 3rd period - Mark Jankowski wins face-off versus Riley Sheahan in IceHogs zone.
2:09 of 3rd period - Brendan Gaunce is hit by Jamie Devane.
2:12 of 3rd period - Cameron Gaunce is hit by Ryan Stanton and loses puck.
2:13 of 3rd period - Cameron Gaunce from IceHogs is injured at 2:13 of 3rd period (Left Leg).
2:14 of 3rd period - Jean-Sébastien Dea wins face-off versus Gregory Hofmann in Wolves zone.
2:17 of 3rd period - Shot by Charles Hudon.
2:17 of 3rd period - Stopped by Felix Sandström without a rebound.
2:18 of 3rd period - Jean-Sébastien Dea wins face-off versus Gregory Hofmann in Wolves zone.
2:33 of 3rd period - Shot by Charles Hudon.
2:33 of 3rd period - Deflect By Jean-Sébastien Dea.
2:33 of 3rd period - Shot Blocked by Mitchell Vande Sompel.
2:42 of 3rd period - Shot by Jean-Sébastien Dea.
2:42 of 3rd period - Deflect By William Carrier.
2:42 of 3rd period - Shot Misses the Net.
2:44 of 3rd period - Shot by Charles Hudon.
2:44 of 3rd period - Shot Blocked by Mitchell Vande Sompel.
2:48 of 3rd period - Shot by Charles Hudon.
2:48 of 3rd period - Goal by Charles Hudon - Wolves : 0 - IceHogs : 6.
2:49 of 3rd period - Riley Sheahan wins face-off versus Mark Jankowski in neutral zone.
2:54 of 3rd period - Shot by Danny O'Regan.
2:54 of 3rd period - Deflect By Brendan Gaunce.
2:54 of 3rd period - Stopped by Felix Sandström with a rebound.
2:58 of 3rd period - Shot by Brendan Gaunce.
2:58 of 3rd period - Shot Misses the Net.
3:00 of 3rd period - Shot by Erik Cernak.
3:00 of 3rd period - Shot Misses the Net.
3:10 of 3rd period - Shot by Brendan Gaunce.
3:10 of 3rd period - Shot Misses the Net.
3:12 of 3rd period - Shot by Colby Williams.
3:12 of 3rd period - Stopped by Felix Sandström without a rebound.
3:13 of 3rd period - Jean-Sébastien Dea wins face-off versus Scott Kosmachuk in Wolves zone.
3:36 of 3rd period - Shot by Jean-Sébastien Dea.
3:36 of 3rd period - Shot Misses the Net.
3:38 of 3rd period - Shot by Charles Hudon.
3:38 of 3rd period - Shot Misses the Net.
3:40 of 3rd period - Shot by Charles Hudon.
3:40 of 3rd period - Shot Blocked by Louie Belpedio.
3:42 of 3rd period - Shot by Jean-Sébastien Dea.
3:42 of 3rd period - Shot Blocked by Tommy Cross.
3:44 of 3rd period - Shot by Brandon Hickey.
3:44 of 3rd period - Stopped by Felix Sandström without a rebound.
3:45 of 3rd period - Riley Sheahan wins face-off versus Gregory Hofmann in Wolves zone.
3:50 of 3rd period - Shot by Brendan Gaunce.
3:50 of 3rd period - Stopped by Felix Sandström with a rebound.
4:04 of 3rd period - Shot by Brett Seney.
4:04 of 3rd period - Shot Misses the Net.
4:06 of 3rd period - Shot by Brett Seney.
4:06 of 3rd period - Deflect By Jack Rodewald.
4:06 of 3rd period - Stopped by Christopher Gibson with a rebound.
4:08 of 3rd period - Shot by Jack Rodewald.
4:08 of 3rd period - Shot Misses the Net.
4:24 of 3rd period - Shot by Gregory Hofmann.
4:24 of 3rd period - Stopped by Christopher Gibson without a rebound.
4:25 of 3rd period - Mark Jankowski wins face-off versus Jean-Sébastien Dea in IceHogs zone.
4:39 of 3rd period - Off-side.
4:40 of 3rd period - Artur Gavrus wins face-off versus Colton Sceviour in neutral zone.
4:51 of 3rd period - Shot by Adam Helewka.
4:51 of 3rd period - Stopped by Christopher Gibson without a rebound.
4:52 of 3rd period - Zack O'Brien wins face-off versus Mark Jankowski in IceHogs zone.
5:12 of 3rd period - Off-side.
5:13 of 3rd period - Colton Sceviour wins face-off versus Gregory Hofmann in neutral zone.
6:02 of 3rd period - Dennis Cholowski is hit by Jack Rodewald and loses puck.
6:27 of 3rd period - Shot by Matt Tennyson.
6:27 of 3rd period - Stopped by Christopher Gibson without a rebound.
6:28 of 3rd period - Jean-Sébastien Dea wins face-off versus Artur Gavrus in IceHogs zone.
6:38 of 3rd period - Charles Hudon is hit by Tommy Cross and loses puck.
7:02 of 3rd period - Minor Penalty to Artur Gavrus for Tripping.
7:03 of 3rd period - Riley Sheahan wins face-off versus Brett Seney in Wolves zone.
8:05 of 3rd period - Shot by Brandon Hickey.
8:05 of 3rd period - Stopped by Felix Sandström with a rebound.
8:09 of 3rd period - Shot by Jean-Sébastien Dea.
8:09 of 3rd period - Stopped by Felix Sandström without a rebound.
8:10 of 3rd period - Jack Rodewald wins face-off versus Jean-Sébastien Dea in Wolves zone.
8:28 of 3rd period - Shot by Charles Hudon.
8:28 of 3rd period - Stopped by Felix Sandström without a rebound.
8:29 of 3rd period - Riley Sheahan wins face-off versus Brett Seney in Wolves zone.
8:32 of 3rd period - Shot by Brandon Hickey.
8:32 of 3rd period - Stopped by Felix Sandström with a rebound.
8:34 of 3rd period - Shot by Colby Williams.
8:34 of 3rd period - Stopped by Felix Sandström with a rebound.
8:57 of 3rd period - Shot by Danny O'Regan.
8:57 of 3rd period - Shot Misses the Net.
9:09 of 3rd period - Colton Sceviour is hit by Artur Gavrus and loses puck.
9:49 of 3rd period - Shot by Zack O'Brien.
9:49 of 3rd period - Shot Misses the Net.
9:55 of 3rd period - Shot by Colby Williams.
9:55 of 3rd period - Stopped by Felix Sandström without a rebound.
9:56 of 3rd period - Charles Hudon wins face-off versus Mark Jankowski in Wolves zone.
10:07 of 3rd period - Shot by Mark Jankowski.
10:07 of 3rd period - Shot Misses the Net.
10:09 of 3rd period - Shot by Mark Jankowski.
10:09 of 3rd period - Shot Blocked by Dennis Cholowski.
10:11 of 3rd period - Shot by Garrett Mitchell.
10:11 of 3rd period - Shot Misses the Net.
10:13 of 3rd period - Shot by Mark Jankowski.
10:13 of 3rd period - Stopped by Christopher Gibson with a rebound.
10:19 of 3rd period - Shot by Jamie Devane.
10:19 of 3rd period - Shot Misses the Net.
10:21 of 3rd period - Shot by Mark Jankowski.
10:21 of 3rd period - Stopped by Christopher Gibson with a rebound.
10:31 of 3rd period - Shot by Mark Jankowski.
10:31 of 3rd period - Stopped by Christopher Gibson without a rebound.
10:32 of 3rd period - Gregory Hofmann wins face-off versus Riley Sheahan in IceHogs zone.
10:32 of 3rd period - Minor Penalty to Erik Cernak for Roughing.
10:33 of 3rd period - Jean-Sébastien Dea wins face-off versus Gregory Hofmann in IceHogs zone.
11:04 of 3rd period - Icing by Brett Seney.
11:05 of 3rd period - Gregory Hofmann wins face-off versus Jean-Sébastien Dea in Wolves zone.
11:46 of 3rd period - Shot by Matt Tennyson.
11:46 of 3rd period - Deflect By Jamie Devane.
11:46 of 3rd period - Shot Blocked by Frederic Allard.
12:47 of 3rd period - Shot by Brendan Gaunce.
12:47 of 3rd period - Shot Blocked by Louie Belpedio.
12:59 of 3rd period - Shot by Brendan Gaunce.
12:59 of 3rd period - Stopped by Felix Sandström with a rebound.
13:16 of 3rd period - Off-side.
13:17 of 3rd period - Gregory Hofmann wins face-off versus Colton Sceviour in neutral zone.
14:20 of 3rd period - Shot by Jeremiah Addison.
14:20 of 3rd period - Stopped by Christopher Gibson without a rebound.
14:21 of 3rd period - Riley Sheahan wins face-off versus David Cotton in IceHogs zone.
14:21 of 3rd period - Riley Sheahan is hit by Jeremiah Addison.
14:27 of 3rd period - Shot by Danny O'Regan.
14:27 of 3rd period - Stopped by Felix Sandström without a rebound.
14:28 of 3rd period - Mark Jankowski wins face-off versus Riley Sheahan in Wolves zone.
14:28 of 3rd period - Garrett Mitchell is hit by Danny O'Regan and loses puck.
14:35 of 3rd period - Shot by Frederic Allard.
14:35 of 3rd period - Stopped by Felix Sandström without a rebound.
14:36 of 3rd period - Jean-Sébastien Dea wins face-off versus Mark Jankowski in Wolves zone.
14:42 of 3rd period - Jean-Sébastien Dea is hit by Tommy Cross and loses puck.
15:11 of 3rd period - Shot by Mark Jankowski.
15:11 of 3rd period - Goal by Mark Jankowski - Wolves : 1 - IceHogs : 6.
15:12 of 3rd period - Riley Sheahan wins face-off versus Gregory Hofmann in neutral zone.
15:14 of 3rd period - Frederic Allard is hit by Matt Tennyson.
15:28 of 3rd period - Shot by Brett Seney.
15:28 of 3rd period - Stopped by Christopher Gibson without a rebound.
15:29 of 3rd period - Artur Gavrus wins face-off versus Riley Sheahan in IceHogs zone.
15:29 of 3rd period - Mitchell Vande Sompel is hit by Erik Cernak and loses puck.
16:05 of 3rd period - Shot by Artur Gavrus.
16:05 of 3rd period - Stopped by Christopher Gibson without a rebound.
16:06 of 3rd period - Jean-Sébastien Dea wins face-off versus Gregory Hofmann in IceHogs zone.
16:15 of 3rd period - Shot by Charles Hudon.
16:15 of 3rd period - Stopped by Felix Sandström without a rebound.
16:16 of 3rd period - Jean-Sébastien Dea wins face-off versus Mark Jankowski in Wolves zone.
16:23 of 3rd period - Shot by Jean-Sébastien Dea.
16:23 of 3rd period - Shot Misses the Net.
16:25 of 3rd period - Shot by William Carrier.
16:25 of 3rd period - Shot Misses the Net.
16:27 of 3rd period - Shot by William Carrier.
16:27 of 3rd period - Shot Misses the Net.
16:35 of 3rd period - Shot by Charles Hudon.
16:35 of 3rd period - Shot Misses the Net.
17:17 of 3rd period - Shot by Brendan Gaunce.
17:17 of 3rd period - Deflect By Riley Sheahan.
17:17 of 3rd period - Stopped by Felix Sandström without a rebound.
17:18 of 3rd period - Artur Gavrus wins face-off versus Colton Sceviour in Wolves zone.
17:18 of 3rd period - Artur Gavrus is hit by Colton Sceviour.
17:26 of 3rd period - Minor Penalty to Adam Helewka for Hooking.
17:27 of 3rd period - Brett Seney wins face-off versus Riley Sheahan in Wolves zone.
17:41 of 3rd period - Colby Williams is hit by Brett Seney and loses puck.
19:02 of 3rd period - Shot by Danny O'Regan.
19:02 of 3rd period - Deflect By Brendan Gaunce.
19:02 of 3rd period - Shot Misses the Net.
19:04 of 3rd period - Shot by Erik Cernak.
19:04 of 3rd period - Shot Misses the Net.
19:06 of 3rd period - Shot by Brendan Gaunce.
19:06 of 3rd period - Stopped by Felix Sandström with a rebound.
19:08 of 3rd period - Shot by Erik Cernak.
19:08 of 3rd period - Shot Misses the Net.
19:10 of 3rd period - Shot by Riley Sheahan.
19:10 of 3rd period - Shot Blocked by Matt Tennyson.
19:12 of 3rd period - Shot by Brendan Gaunce.
19:12 of 3rd period - Stopped by Felix Sandström without a rebound.
19:13 of 3rd period - Jack Rodewald wins face-off versus Mikhail Vorobyov in Wolves zone.
19:33 of 3rd period - Off-side.
19:34 of 3rd period - Colton Sceviour wins face-off versus David Cotton in neutral zone.
19:34 of 3rd period - Colton Sceviour is hit by David Cotton.
19:35 of 3rd period - Minor Penalty to Jens Looke for Elbowing.
19:36 of 3rd period - Danny O'Regan wins face-off versus Jack Rodewald in Wolves zone.
19:39 of 3rd period - Shot by Danny O'Regan.
19:39 of 3rd period - Shot Misses the Net.
Goals for this period are 1 for Wolves vs 2 for IceHogs.
Shots for this period are 12 for Wolves vs 23 for IceHogs.